 Dungeon Crawl Stone Soup version 0.23.2-1-ga50397a6bc (webtiles) character file.

Game seed: 6601975241611507840

279 MachJacob the Scholar of Death (level 6, -1/45 HPs)
             Began as a Hill Orc Necromancer on Apr 29, 2019.
             Was a Follower of Kikubaaqudgha.
             Killed from afar by an orc wizard (7 damage)
             ... with a puff of frost
             ... on level 3 of the Dungeon.
             The game lasted 00:14:39 (4510 turns).

MachJacob the Scholar of Death (HONe)               Turns: 4510, Time: 00:14:39

Health: -1/45      AC:  4    Str: 11    XL:     6   Next: 26%
Magic:  10/10      EV: 12    Int: 17    God:    Kikubaaqudgha [*.....]
Gold:   136        SH:  0    Dex: 11    Spells: 6/11 levels left

rFire    . . .     SeeInvis .   m - +0 spear (flame)
rCold    . . .     Gourm    .   (no shield)
rNeg     . . .     Faith    .   a - +0 robe
rPois    .         Spirit   .   (no helmet)
rElec    .         Reflect  .   f - +1 cloak
rCorr    .         Harm     .   (no gloves)
MR       .....                  (no boots)
Stlth    ++........             (no amulet)
HPRegen  0.15/turn              (no ring)
MPRegen  0.12/turn              (no ring)

@: no status effects
A: no striking features
a: Receive Corpses, Renounce Religion


You were on level 3 of the Dungeon.
You worshipped Kikubaaqudgha.
Kikubaaqudgha was aware of your devotion.
You were hungry.

You visited 1 branch of the dungeon, and saw 4 of its levels.

You collected 136 gold pieces.

Inventory:

Hand Weapons
 k - a +0 dagger of speed
 m - a +0 spear of flaming (weapon)
Missiles
 d - 67 stones (quivered)
Armour
 a - a +0 robe (worn)
 f - a +1 cloak (worn)
Wands
 o - a wand of random effects (17)
Scrolls
 b - a scroll of amnesia
 e - 4 scrolls of identify
 g - 2 scrolls of remove curse
 h - a scroll of noise {unknown}
 j - a scroll of enchant armour {unknown}
Potions
 i - a potion of heal wounds
 l - a potion of mutation {unknown}
Comestibles
 c - 9 rations


   Skills:
 - Level 1.5 Dodging
 - Level 1.5 Stealth
 + Level 3.0 Spellcasting
 * Level 6.4 Necromancy


You had 6 spell levels left.
You knew the following spells:

 Your Spells              Type           Power        Failure   Level  Hunger
a - Pain                  Necr           ###.         1%          1    None
b - Animate Skeleton      Necr           N/A          1%          1    None
c - Vampiric Draining     Necr           ###.......   3%          3    ###....

Your spell library contained the following spells:

 Spells                   Type           Power        Failure   Level  Hunger
 Corpse Rot               Necr           N/A          1%          2    ##.....
 Sublimation of Blood     Necr           ###.......   1%          2    ##.....
 Animate Dead             Necr           N/A          12%         4    ####...
 Regeneration             Chrm/Necr      ##........   14%         3    ###....


Dungeon Overview and Level Annotations

Branches:
Dungeon (4/15)
 Temple: D:4-7

Altars:
Gozag
Kikubaaqudgha
Okawaru
Uskayaw

Shops:
D:2 *


Message History

Something hits you.
* * * LOW HITPOINT WARNING * * *
An orc wizard appears from thin air!
Reactivating autopickup.
The orc wizard hits you but does no damage.
The orc wizard begins to cast a cantrip, but forgets the words!
There is a stone staircase leading up here.
The orc wizard hits you with a +0 dagger.
* * * LOW HITPOINT WARNING * * *
You climb upwards.
There is a stone staircase leading down here.
Okay, then.
Okay, then.
Okay, then.
You closely miss the orc wizard.
The orc wizard hits you but does no damage.
The orc wizard points at you and mumbles some strange words.
The puff of frost hits you!
You die...
Kikubaaqudgha rasps: "You have failed me!
Welcome... death!"

#....# #.....................#<
#....### #####...#############.##
.......## #.............# #.##
#....#..## ##..#####.)...###.##
#....##..# #..# #.........##
......#..######..#####...........
..##..##.........................
.####..#.........................
.####..#........@o.........#.#...
..##..##...................._....
......#................###.#.#...
#....##..##########....# #.......
#....#..## #....# #.......
.......## #....# ##......
######## #....# #....... # #....#
#....### # #....# #....##


You could see an orc wizard.

Vanquished Creatures
  A scorpion (D:4)
  2 hounds (D:4)
  An orc wizard (D:3)
  Terence (D:3)
  4 adders (D:3)
  A shadow imp (D:4)
  2 dart slugs (D:3)
  3 leopard geckos
  5 orcs
  A ball python (D:3)
  9 bats
  3 giant cockroaches
  7 goblins
  4 hobgoblins
  A quokka (D:4)
  3 frilled lizards
  4 kobolds
  6 rats
58 creatures vanquished.

Vanquished Creatures (others)
  A draconian (D:1)
  An octopode (D:1)
  A gargoyle (D:1)
  3 elves (D:1)
  A formicid (D:1)
  A spriggan (D:1)
  2 humans (D:1)
  A naga (D:1)
  2 centaurs (D:1)
  A mummy (D:1)
  A kobold (D:1)
  5 tentacles (D:1)
20 creatures vanquished.

Grand Total: 78 creatures vanquished

Notes
Turn   | Place    | Note
-------+----------+-------------------------------------------
     0 | D:1      | MachJacob the Hill Orc Necromancer began the quest for the
                  | Orb.
     0 | D:1      | Reached XP level 1. HP: 14/14 MP: 3/3
     2 | D:1      | Learned a level 1 spell: Animate Skeleton
     3 | D:1      | Killed a human
     4 | D:1      | Noticed a gargoyle
     4 | D:1      | Noticed a naga
     4 | D:1      | Noticed an elf
     4 | D:1      | Noticed an octopode
     4 | D:1      | Noticed an elf
     4 | D:1      | Noticed a draconian
     4 | D:1      | Noticed a spriggan
     4 | D:1      | Noticed a kraken
     4 | D:1      | Noticed an elf
     4 | D:1      | Noticed a centaur
     4 | D:1      | Noticed a centaur
     4 | D:1      | Noticed a formicid
     4 | D:1      | Noticed a human
     6 | D:1      | Killed a centaur
     8 | D:1      | Killed an elf
     8 | D:1      | Killed a human
     9 | D:1      | Killed an elf
    10 | D:1      | Killed a formicid
    10 | D:1      | Killed an octopode
    11 | D:1      | Killed a naga
    14 | D:1      | Killed a draconian
    15 | D:1      | Killed a gargoyle
    16 | D:1      | Killed a centaur
    17 | D:1      | Killed an elf
    17 | D:1      | Killed a spriggan
   689 | D:1      | Reached XP level 2. HP: 20/20 MP: 2/4
  1925 | D:2      | Found an ancient bone altar of Kikubaaqudgha.
  1956 | D:2      | Became a worshipper of Kikubaaqudgha
  1984 | D:2      | Reached XP level 3. HP: 22/26 MP: 0/5
  2267 | D:2      | Found an opulent altar of Gozag.
  2267 | D:2      | Found Gozag's Platinum Reserve.
  2811 | D:3      | Reached skill level 5 in Necromancy
  2830 | D:3      | Noticed Terence
  2843 | D:3      | Killed Terence
  2843 | D:3      | Reached XP level 4. HP: 28/33 MP: 1/7
  3197 | D:3      | Reached XP level 5. HP: 17/38 MP: 0/8
  3640 | D:3      | Found an iron altar of Okawaru.
  3707 | D:3      | Found a hide-covered altar of Uskayaw.
  3905 | D:3      | Learned a level 3 spell: Vampiric Draining
  3973 | D:4      | Reached skill level 6 in Necromancy
  3974 | D:4      | Reached * piety under Kikubaaqudgha
  3974 | D:4      | Identified Kikubaaqudgha's Almanac of Evil Magic
                  | (Kikubaaqudgha gifted it to you on level 4 of the Dungeon)
  3974 | D:4      | Received a gift from Kikubaaqudgha
  4072 | D:4      | Reached XP level 6. HP: 34/45 MP: 4/10
  4195 | D:4      | Noticed an ice beast
  4510 | D:3      | Killed from afar by an orc wizard

Skill      XL: |  1  2  3  4  5  6 |
---------------+-------------------+-----
Spellcasting   | 2 3 |  3.0
Necromancy     | 5 6 |  6.4
Dodging        | |  1.5
Stealth        | |  1.5

Action                   |  1- 3 |  4- 6 || total
-------------------------+-------+-------++-------
Melee: Unarmed           |     3 |       ||     3
       Short sword       |     6 |       ||     6
       Spear             |     3 |    15 ||    18
Throw: Stone             |    13 |    12 ||    25
 Cast: Pain              |    54 |    69 ||   123
       Animate Skeleton  |     1 |     2 ||     3
  Use: Scroll            |     3 |       ||     3
  Eat: Chunk             |     7 |     5 ||    12
Armor: Robe              |    11 |    10 ||    21
Dodge: Dodged            |    28 |    19 ||    47
